BSA
IRVINE GANG GREEN @ BAFFIN ISLAND BEAVERS
10/28/2026
 
TOP OF THE 1ST
Irvine Gang Green batting - Pitching for Baffin Island Beavers : LHP Marcos Benítez
Pitching: LHP Marcos Benítez
Batting: LHB Leonardo Medina 0-0: Ball
1-0: Called Strike
1-1: Foul Ball, location: 2F
1-2: Foul Ball, location: 2F
1-2: Strikes out swinging
Batting: RHB Buck Jones 0-0: Called Strike
0-1: Ball
1-1: Ball
2-1: Ball
3-1: Ground out 4-3 (Groundball, 4)
Batting: RHB Manny Copriviza 0-0: Called Strike
0-1: Ball
1-1: DOUBLE (Line Drive, 89D) - OUT at third base trying to stretch hit.
Top of the 1st over - 0 run(s), 1 hit(s), 0 error(s), 0 left on base; Irvine 0 - Baffin Island 0
BOTTOM OF THE 1ST
Baffin Island Beavers batting - Pitching for Irvine Gang Green : LHP Frank Jackson
Pitching: LHP Frank Jackson
Batting: RHB Dave Craig 0-0: Foul Ball, location: 2F
0-1: Ball
1-1: Fly out, F9 (Flyball, 89S)
Batting: SHB Alonso Ferreira 0-0: Ball
1-0: Called Strike
1-1: Fly out, F9 (Flyball, 9D)
Batting: RHB Tony Morton 0-0: Ball
1-0: Called Strike
1-1: Ball
2-1: Foul Ball, location: 2F
2-2: Ball
3-2: Base on Balls
Batting: LHB Lorenzo Villa 0-0: Ball
1-0: Ball
2-0: Called Strike
2-1: Foul Ball, location: 2F
2-2: Fly out, F5 (Popup, 5F)
Bottom of the 1st over - 0 run(s), 0 hit(s), 0 error(s), 1 left on base; Irvine 0 - Baffin Island 0
TOP OF THE 2ND
Irvine Gang Green batting - Pitching for Baffin Island Beavers : LHP Marcos Benítez
Batting: LHB Víctor Quiñones 0-0: Foul Ball, location: 2F
0-1: Swinging Strike
0-2: Ground out 3-1 (Groundball, 34S)
Batting: LHB Jorge Martínez 0-0: Swinging Strike
0-1: Ball
1-1: Ball
2-1: Foul Ball, location: 2F
2-2: Ball
3-2: Ground out 6-3 (Groundball, 6)
Batting: RHB José Salazar 0-0: Ground out 6-3 (Groundball, 6)
Top of the 2nd over - 0 run(s), 0 hit(s), 0 error(s), 0 left on base; Irvine 0 - Baffin Island 0
BOTTOM OF THE 2ND
Baffin Island Beavers batting - Pitching for Irvine Gang Green : LHP Frank Jackson
Batting: LHB Chris Bates 0-0: SINGLE (Line Drive, 56D)
Batting: RHB Luis González 0-0: Ball
1-0: Foul Ball, location: 2F
1-1: Ball
2-1: Grounds into double play, 4-6-3 (Groundball, 4)
Batting: LHB Joaquín González 0-0: Ball
1-0: Called Strike
1-1: Ground out 6-3 (Groundball, 6)
Bottom of the 2nd over - 0 run(s), 1 hit(s), 0 error(s), 0 left on base; Irvine 0 - Baffin Island 0
TOP OF THE 3RD
Irvine Gang Green batting - Pitching for Baffin Island Beavers : LHP Marcos Benítez
Batting: LHB Jesús Campos 0-0: Ball
1-0: Ball
2-0: Ball
3-0: Called Strike
3-1: Fly out, F8 (Flyball, 89D)
Batting: RHB Tom Doherty 0-0: Called Strike
0-1: Ball
1-1: Ground out 5-3 (Groundball, 56S)
Batting: LHB Bill Murphy 0-0: Bunt for hit - play at first, batter OUT! 3-4
Top of the 3rd over - 0 run(s), 0 hit(s), 0 error(s), 0 left on base; Irvine 0 - Baffin Island 0
BOTTOM OF THE 3RD
Baffin Island Beavers batting - Pitching for Irvine Gang Green : LHP Frank Jackson
Batting: LHB Keng-chi Lao 0-0: Ball
1-0: Ground out 6-3 (Groundball, 6)
Batting: LHB Mario García 0-0: Ball
1-0: Foul Ball, location: 2F
1-1: SINGLE (Groundball, 4MD)
Batting: RHB Dave Craig 0-0: Ball
1-0: Called Strike
1-1: Swinging Strike
1-2: Ball
2-2: Foul Ball, location: 2F
2-2: Grounds into double play, 6-4-3 (Groundball, 6M)
Bottom of the 3rd over - 0 run(s), 1 hit(s), 0 error(s), 0 left on base; Irvine 0 - Baffin Island 0
TOP OF THE 4TH
Irvine Gang Green batting - Pitching for Baffin Island Beavers : LHP Marcos Benítez
Batting: LHB Leonardo Medina 0-0: Called Strike
0-1: Ball
1-1: Swinging Strike
1-2: Strikes out swinging
Batting: RHB Buck Jones 0-0: Ball
1-0: DOUBLE (Line Drive, 7LM)
Batting: RHB Manny Copriviza 0-0: Ball
1-0: Ground out 6-3 (Groundball, 6)
Batting: LHB Víctor Quiñones 0-0: Ball
1-0: Ground out 4-3 (Groundball, 4M)
Top of the 4th over - 0 run(s), 1 hit(s), 0 error(s), 1 left on base; Irvine 0 - Baffin Island 0
BOTTOM OF THE 4TH
Baffin Island Beavers batting - Pitching for Irvine Gang Green : LHP Frank Jackson
Batting: SHB Alonso Ferreira 0-0: Fly out, F3 (Popup, 3SF)
Batting: RHB Tony Morton 0-0: Ground out 4-3 (Groundball, 34)
Batting: LHB Lorenzo Villa 0-0: Ball
1-0: SINGLE (Line Drive, 4MD)
Batting: LHB Chris Bates 0-0: Foul Ball, location: 2F
0-1: Ball
1-1: Ball
2-1: Foul Ball, location: 2F
2-2: Ball
3-2: Fly out, F7 (Popup, 5D)
Bottom of the 4th over - 0 run(s), 1 hit(s), 0 error(s), 1 left on base; Irvine 0 - Baffin Island 0
TOP OF THE 5TH
Irvine Gang Green batting - Pitching for Baffin Island Beavers : LHP Marcos Benítez
Batting: LHB Jorge Martínez 0-0: Foul Ball, location: 2F
0-1: Ball
1-1: Ball
2-1: Foul Ball, location: 2F
2-2: Ball
3-2: Ground out 6-3 (Groundball, 6M)
Batting: RHB José Salazar 0-0: Called Strike
0-1: Ball
1-1: Called Strike
1-2: Foul Ball, location: 2F
1-2: Ball
2-2: Foul Ball, location: 2F
2-2: Foul Ball, location: 2F
2-2: Foul Ball, location: 2F
2-2: Ball
3-2: Ground out 5-3 (Groundball, 56S)
Batting: LHB Jesús Campos 0-0: Called Strike
0-1: Ball
1-1: Foul Ball, location: 2F
1-2: Ball
2-2: Ball
3-2: Foul Ball, location: 2F
3-2: Fly out, F8 (Flyball, 8LS)
Top of the 5th over - 0 run(s), 0 hit(s), 0 error(s), 0 left on base; Irvine 0 - Baffin Island 0
BOTTOM OF THE 5TH
Baffin Island Beavers batting - Pitching for Irvine Gang Green : LHP Frank Jackson
Batting: RHB Luis González 0-0: Called Strike
0-1: Foul Ball, location: 2F
0-2: Strikes out looking
Batting: LHB Joaquín González 0-0: Called Strike
0-1: Ground out 6-3 (Groundball, 6)
Batting: LHB Keng-chi Lao 0-0: Called Strike
0-1: Foul Ball, location: 2F
0-2: Strikes out looking
Bottom of the 5th over - 0 run(s), 0 hit(s), 0 error(s), 0 left on base; Irvine 0 - Baffin Island 0
TOP OF THE 6TH
Irvine Gang Green batting - Pitching for Baffin Island Beavers : LHP Marcos Benítez
Batting: RHB Tom Doherty 0-0: Ball
1-0: Fly out, F9 (Flyball, 89M)
Batting: LHB Bill Murphy 0-0: Called Strike
0-1: Called Strike
0-2: Ball
1-2: Foul Ball, location: 2F
1-2: Ball
2-2: Foul Ball, location: 2F
2-2: Ground out 1-3 (Groundball, 25)
Batting: LHB Leonardo Medina 0-0: Ball
1-0: Called Strike
1-1: Foul Ball, location: 2F
1-2: Ground out 4-3 (Groundball, 4)
Top of the 6th over - 0 run(s), 0 hit(s), 0 error(s), 0 left on base; Irvine 0 - Baffin Island 0
BOTTOM OF THE 6TH
Baffin Island Beavers batting - Pitching for Irvine Gang Green : LHP Frank Jackson
Batting: LHB Mario García 0-0: Ball
1-0: Called Strike
1-1: Foul Ball, location: 2F
1-2: DOUBLE (Line Drive, 7LM)
Batting: RHB Dave Craig 0-0: Swinging Strike
0-1: Foul Ball, location: 2F
0-2: Ball
1-2: Ball
2-2: Fly out, F9 (Line Drive, 9M)
Batting: SHB Alonso Ferreira 0-0: Ball
1-0: Ball
2-0: SINGLE (Line Drive, 6MD)
Mario García to third
Batting: RHB Tony Morton 0-0: Ball
1-0: Called Strike
1-1: Fly out, F9 (Flyball, 9S)
Batting: LHB Lorenzo Villa 0-0: Called Strike
0-1: Ball
1-1: Ground out 4-3 (Groundball, 4)
Bottom of the 6th over - 0 run(s), 2 hit(s), 0 error(s), 2 left on base; Irvine 0 - Baffin Island 0
TOP OF THE 7TH
Irvine Gang Green batting - Pitching for Baffin Island Beavers : LHP Marcos Benítez
Batting: RHB Buck Jones 0-0: Called Strike
0-1: Foul Ball, location: 2F
0-2: Ground out 5-3 (Groundball, 5)
Batting: RHB Manny Copriviza 0-0: Called Strike
0-1: Swinging Strike
0-2: Ball
1-2: Strikes out swinging
Batting: LHB Víctor Quiñones 0-0: SINGLE (Groundball, 56D)
Batting: LHB Jorge Martínez 0-0: Ball
1-0: Ground out U3 (Groundball, 3L)
Top of the 7th over - 0 run(s), 1 hit(s), 0 error(s), 1 left on base; Irvine 0 - Baffin Island 0
BOTTOM OF THE 7TH
Baffin Island Beavers batting - Pitching for Irvine Gang Green : LHP Frank Jackson
Batting: LHB Chris Bates 0-0: Ball
1-0: Called Strike
1-1: Ball
2-1: Called Strike
2-2: Foul Ball, location: 2F
2-2: Ground out 3-1 (Groundball, 34)
Batting: RHB Luis González 0-0: Called Strike
0-1: Ball
1-1: SINGLE (Groundball, 6MD)
Pinch Hitting: RHB Mario López 0-0: Foul Ball, location: 2F
0-1: Ball
1-1: Called Strike
1-2: Ball
2-2: Strikes out swinging
Batting: LHB Keng-chi Lao 0-0: Ball
1-0: Swinging Strike
1-1: Foul Ball, location: 2F
1-2: Fly out, F8 (Flyball, 8RD)
Bottom of the 7th over - 0 run(s), 1 hit(s), 0 error(s), 1 left on base; Irvine 0 - Baffin Island 0
TOP OF THE 8TH
Irvine Gang Green batting - Pitching for Baffin Island Beavers : LHP Marcos Benítez
Now in LF: Javier Orozco
Batting: RHB José Salazar 0-0: Called Strike
0-1: SINGLE (Flyball, 8LS)
Batting: LHB Jesús Campos 0-0: Ball
1-0: Ball
2-0: Foul Ball, location: 2F
2-1: Ball
3-1: Base on Balls
José Salazar to second
Batting: RHB Tom Doherty 0-0: Ball
1-0: Sac Bunt - play at first, batter OUT! 1-4
José Salazar to third
Jesús Campos to second
Pinch Hitting: RHB Eichiro Yamamoto 0-0: Intentional Walk
Batting: LHB Leonardo Medina 0-0: Called Strike
0-1: Ball
1-1: Ball
2-1: Swinging Strike
2-2: Foul Ball, location: 2F
2-2: Ball
3-2: Strikes out swinging
Batting: RHB Buck Jones 0-0: Ball
Passed Ball!
José Salazar scores
Jesús Campos to third
Eichiro Yamamoto to second
1-0: Called Strike
1-1: Ball
2-1: Fly out, F2 (Popup, 2R)
Top of the 8th over - 1 run(s), 1 hit(s), 0 error(s), 2 left on base; Irvine 1 - Baffin Island 0
BOTTOM OF THE 8TH
Baffin Island Beavers batting - Pitching for Irvine Gang Green : LHP Frank Jackson
Now at SS: Aaron Wilson
Now in LF: Tony Tavárez
Batting: LHB Mario García 0-0: Ball
1-0: Ball
2-0: Ball
3-0: Called Strike
3-1: Called Strike
3-2: Base on Balls
Batting: RHB Dave Craig 0-0: Ball
1-0: Sac Bunt - play at first, batter OUT! 1-4
Mario García to second
Batting: SHB Alonso Ferreira 0-0: Ball
1-0: Ball
2-0: Foul Ball, location: 2F
2-1: Reached on error, E5 (Groundball, 56)
Mario García scores
Batting: RHB Tony Morton 0-0: Intentional Walk
Pitching: LHP Yu-shu Kong
Batting: LHB Lorenzo Villa 0-0: Ball
1-0: Swinging Strike
1-1: Ball
2-1: Swinging Strike
2-2: Strikes out looking
Batting: LHB Chris Bates 0-0: Ball
1-0: Swinging Strike
1-1: Ball
2-1: Swinging Strike
2-2: Ground out 4-3 (Groundball, 4)
Bottom of the 8th over - 1 run(s), 0 hit(s), 1 error(s), 2 left on base; Irvine 1 - Baffin Island 1
TOP OF THE 9TH
Irvine Gang Green batting - Pitching for Baffin Island Beavers : LHP Marcos Benítez
Pitching: LHP Edgardo Guzmán
Batting: RHB Manny Copriviza 0-0: Called Strike
0-1: Called Strike
0-2: Hit by Pitch
Batting: LHB Víctor Quiñones 0-0: Called Strike
0-1: Called Strike
0-2: Foul Ball, location: 2F
0-2: Ball
1-2: Strikes out swinging
Batting: LHB Jorge Martínez 0-0: Called Strike
0-1: Ball
1-1: Foul Ball, location: 2F
1-2: Fly out, F4 (Popup, 4MS)
Batting: RHB José Salazar 0-0: Swinging Strike
0-1: Ball
1-1: Ball
2-1: Foul Ball, location: 2F
2-2: Ball
3-2: Foul Ball, location: 2F
3-2: Foul Ball, location: 2F
3-2: Base on Balls
Manny Copriviza to second
Batting: LHB Jesús Campos 0-0: Ball
1-0: Ball
2-0: Ball
3-0: Called Strike
3-1: Ground out U3 (Groundball, 3S)
Top of the 9th over - 0 run(s), 0 hit(s), 0 error(s), 2 left on base; Irvine 1 - Baffin Island 1
BOTTOM OF THE 9TH
Baffin Island Beavers batting - Pitching for Irvine Gang Green : LHP Yu-shu Kong
Pitching: RHP Mike Fisher
Pinch Hitting: LHB José Berroa 0-0: Called Strike
0-1: Swinging Strike
0-2: Ball
1-2: Strikes out swinging
Batting: LHB Javier Orozco 0-0: Ball
1-0: Called Strike
1-1: Reached on error, E3 (Groundball, 3S)
Batting: LHB Keng-chi Lao 0-0: Swinging Strike
Javier Orozco steals 2nd base
0-1: Ball
1-1: Foul Ball, location: 2F
1-2: DOUBLE (Line Drive, 78M)
Javier Orozco scores
Monday, December 5th, 2016 - OOTP Baseball 17.12 Build 75